 Dungeon Crawl Stone Soup version 0.31-a0-83-gbff143cfd1 (webtiles) character file.

Game seed: 2362692524964793026

60 Esekla the Sneak (level 4, 0/31 HPs)
             Began as an Octopode Delver on May 24, 2023.
             Slain by an ufetubus (2 damage)
             ... on level 5 of the Dungeon.
             The game lasted 00:01:29 (120 turns).

Esekla the Sneak (Octopode Delver)                   Turns: 120, Time: 00:01:30

Health: 0/31       AC:  1    Str: 11    XL:     4   Next: 6%
Magic:  5/5        EV: 13    Int: 14    God:
Gold:   7          SH:  0    Dex: 13    Spells: 4/4 levels left

rFire   . . .        a - +0 falchion
rCold   . . .        (no shield)
rNeg    . . .        (helmet restricted)
rPois   .            (no amulet)
rElec   .            (no ring)
rCorr   .            (no ring)
SInv    .            (no ring)
Will    .....        (no ring)
Stlth   ++++         (no ring)
HPRegen 0.25/turn    (no ring)
MPRegen 0.09/turn    (no ring)
                     (no ring)

%: no passive effects
@: marked
A: almost no armour, amphibious, 8 rings, camouflage 1, gelatinous body 1,
(nimble swimmer 1), tentacles
a: no special abilities


You were on level 5 of the Dungeon.
You visited 1 branch of the dungeon, and saw 1 of its levels.

You collected 7 gold pieces.

Inventory:

Hand Weapons
 a - a +0 falchion (weapon)
Jewellery
 g - a ring of ice
Wands
 f - a wand of digging (3)
Scrolls
 b - a scroll of fog
 h - 3 scrolls of immolation {unknown}


   Skills:
 * Level 3.3 Fighting
 * Level 2.4 Long Blades
 * Level 2.3 Dodging
 + Level 7.4 Stealth
 * Level 0.9 Spellcasting


You had 4 spell levels left.
You didn't know any spells.
Your spell library was empty.

Dungeon Overview and Level Annotations

Branches:
Dungeon (5/15)
 Temple: D:4-7

Altars:
Kikubaaqudgha


Innate Abilities, Weirdness & Mutations

You cannot wear most types of armour.
You are amphibious.
You can wear up to eight rings at the same time.
Your skin changes colour to match your surroundings (Stealth+).
Your rubbery body absorbs attacks. (AC +1, EV +1)
((You are camouflaged when in or above water. (Stealth+)))
You have tentacles for arms and can constrict up to eight enemies at once.


Message History

You see here a hound corpse.
Found a stone staircase leading up.
Found a scale mail and 3 atropa-tipped darts.
An iguana comes into view. 2 wights come into view.
A wight comes into view. It is wielding a +1 hand axe.
A wight comes into view. It is wielding a +2 scimitar.
Found a scroll labelled YPHEEL BYNG.
The orc shouts!
The orc priest shouts!
You hear a shout!
Found a fluorescent wand.
Found a stone staircase leading up.
An ogre comes into view. It is wielding a +0 giant club.
The orc priest invokes the aid of Beogh against you.
Beogh smites you!
* * * LOW HITPOINT WARNING * * *
Your extra speed is starting to run out.
An orc comes into view. It is wielding a +0 whip.
The orc shouts!
The iguana hisses angrily.
A quokka comes into view.
An ufetubus comes into view.
You feel yourself slow down.
A hound comes into view.
Found a scroll labelled ZOPLAPR MIUKAE and a leather armour.
A shadow imp comes into view.
You see here a scroll labelled ZOPLAPR MIUKAE.
Found an ancient bone altar of Kikubaaqudgha.
A sourceless malevolence fills the Dungeon...
With a horrendous wail, an alarm goes off!
A sentinel's mark forms upon you.
The ufetubus shouts!
You hear a bark!
You hear a shout! x2
You hear an angry growl.
You hear a shout! x5
A scorpion comes into view.
The ufetubus attacks as you move away! The ufetubus hits you.
* * * LOW HITPOINT WARNING * * *
The ufetubus barely misses you.
Found a lumpy amethyst potion.
The ufetubus hits you.
* * * LOW HITPOINT WARNING * * *
The ufetubus closely misses you. The ufetubus attacks as you move away!
The ufetubus hits you.
You die...

*,,,,,,,,* *,,,..,,,*
###*###,....,,,*
****#.!,...,....,,,**####
*,,,,..##.##...,,,,,,....
*.#.,*..#.#..#,..,,,.?../
*....##.....##..#,#......
*,#......_......#5#...o..
*,*,,*#.@...##..#.#......
**,*.,#..#5#.5#.5.........
*,,,....##h##...#**#....O.
*,.......[z....#####.###..
*,.......#.##?.# #....##.o
*,.......s....####....##o.
*>...............zlz....O.
*,.......####.####.....#z.
*,,......***#h# #.....#..


You could see a hound, a wight, a shadow imp and an ufetubus.

Vanquished Creatures
  An orc priest (D:5)
  A hound (D:5)
2 creatures vanquished.

Notes
Turn   | Place    | Note
-------+----------+-------------------------------------------
     0 | D:5      | Esekla the Octopode Delver began the quest for the Orb.
     0 | D:5      | Reached XP level 1. HP: 16/16 MP: 1/1
     2 | D:5      | Noticed an orc priest
    18 | D:5      | Noticed an orc priest
    19 | D:5      | Noticed an ice beast
    23 | D:5      | Noticed an orc priest
    36 | D:5      | Killed an orc priest
    37 | D:5      | Reached skill level 7 in Stealth
    37 | D:5      | Reached XP level 2. HP: 4/21 MP: 2/2
    37 | D:5      | Reached XP level 3. HP: 5/26 MP: 3/3
    69 | D:5      | Reached XP level 4. HP: 10/31 MP: 3/5
    97 | D:5      | Noticed an ogre
   116 | D:5      | Found an ancient bone altar of Kikubaaqudgha.
   116 | D:5      | Noticed a scorpion
   120 | D:5      | Slain by an ufetubus

Illustrated notes

Levels and vault maps discovered:
D:5:      minmay_angry_zag, layout_basic, mainiacjoe_overflow_small_starburst

Skill      XL: |  1 |
---------------+----+-----
Stealth        | 7 |  7.4
Fighting       | |  3.3
Long Blades    | |  2.4
Dodging        | |  2.3
Spellcasting   | |  0.9

Action                     |  1- 3 |  4- 6 || total
---------------------------+-------+-------++-------
  Melee: Falchion          |     6 |       ||     6
         Tentacles         |     3 |       ||     3
         Constrict         |     2 |       ||     2
    Use: Scroll            |     2 |       ||     2
         Potion            |     1 |       ||     1
  Dodge: Dodged            |     2 |     2 ||     4

Table legend: (Time is in decaauts)
 A = Elapsed time spent in this place.
 B = Non-inter-level travel time spent in this place.
 C = Inter-level travel time spent in this place.
 D = Time resting spent in this place.
 E = Time spent auto-exploring this place.
 F = Levels seen in this place.
 G = Mean time per level.
                   A        B        C        D        E       F      G
               +--------+--------+--------+--------+--------+-----+--------+
         Total |    106 |    106 |      0 |      2 |      0 |   1 |  106.0 |
       Dungeon |    106 |    106 |      0 |      2 |      0 |   1 |  106.0 |
               +--------+--------+--------+--------+--------+-----+--------+

Top non-repeatable levels by time:
     D:5: 106 daAuts
